 Seeded DCSS version 0.30.1-11-g7821555f0a (webtiles) character file.

Game seed: 430007637681659361 (custom seed)

597 mattiecakes the Shield-Bearer (level 7, -9/44 HPs)
             Began as a Gargoyle Fighter on Nov 9, 2023.
             Was an Elder of Cheibriados.
             Killed from afar by a steam dragon (13 damage)
             ... with a ball of steam
             ... on level 5 of the Dungeon.
             The game lasted 00:12:21 (3091 turns).

mattiecakes the Shield-Bearer (Gargoyle Fighter)    Turns: 3091, Time: 00:12:23

Health: -9/44      AC: 14    Str: 30    XL:     7   Next: 40%
Magic:  9/9        EV:  9    Int: 18    God:    Cheibriados [****..]
Gold:   1195       SH: 15    Dex: 18    Spells: 6/6 levels left

rFire   . . .        r - +8 war axe "Newtbane" {heavy, rC++}
rCold   + + .        d - +5 kite shield of Zeasierghi {Regen+}
rNeg    + . .        b - +0 scale mail
rPois   ∞            i - +0 helmet
rElec   +            (no cloak)
rCorr   .            h - +0 pair of gloves
SInv    .            (no boots)
Will    .....        (no amulet) Stlth
                     n - ring of flight
HPRegen 1.07/turn    (no ring)
MPRegen 0.11/turn

%: no passive effects
@: flying, very slow
A: sickness immunity, AC +4, negative energy resistance 1, electricity
resistance, torment resistance 1, petrification resistance
a: Renounce Religion, Bend Time, Temporal Distortion, Slouch


You were on level 5 of the Dungeon.
You worshipped Cheibriados.
Cheibriados was greatly pleased with you.
You visited 1 branch of the dungeon, and saw 5 of its levels.

You collected 1195 gold pieces.

Inventory:

Hand Weapons
 g - a +2 broad axe of flaming
 k - a +1 whip of freezing
 r - the +8 war axe "Newtbane" (weapon) {heavy, rC++}
   (You acquired it on level 2 of the Dungeon)

   rC:        It greatly protects you from cold.
Missiles
 x - 4 throwing nets (quivered)
Armour
 b - a +0 scale mail (worn)
 d - the +5 kite shield of Zeasierghi (worn) {Regen+}
   (You acquired it on level 2 of the Dungeon)

   Regen:     It increases your rate of health regeneration.
 h - a +0 pair of gloves (worn)
 i - a +0 helmet (worn)
Jewellery
 j - an amulet of the acrobat
 n - a ring of flight (left hand)
Wands
 a - a wand of flame (42)
Scrolls
 c - 2 scrolls of teleportation {unknown}
 m - a scroll of immolation {unknown}
 o - a scroll of amnesia {unknown}
 s - a scroll of identify
 u - 2 scrolls of blinking {unknown}
 y - a scroll of fear
Potions
 e - a potion of heal wounds {unknown}
 f - a potion of invisibility {unknown}
 l - 2 potions of ambrosia
 p - a potion of cancellation {unknown}
 q - a potion of attraction {unknown}
 t - 3 potions of curing
 v - 2 potions of might
 w - a potion of magic {unknown}
 z - a potion of degeneration {unknown}


   Skills:
 + Level 5.1 Fighting
 + Level 3.6 Axes
 + Level 5.1 Armour
 + Level 5.1 Shields
 + Level 2.8 Invocations


You had 6 spell levels left.
You didn't know any spells.
Your spell library contained the following spells:

 Spells                   Type           Power      Damage    Failure   Level
 Sandblast                Erth           0%         2d4       61%         1
 Call Imp                 Summ           0%         N/A       75%         2
 Passwall                 Tmut/Erth      0%         N/A       75%         2
 Poisonous Vapours        Pois/Air       0%         N/A       75%         2
 Mephitic Cloud           Conj/Pois/Air  0%         N/A       93%         3
 Stone Arrow              Conj/Erth      0%         3d7       93%         3
 Animate Dead             Necr           0%         N/A       100%        4
 Fireball                 Conj/Fire      0%         3d3       100%        5
 Freezing Cloud           Conj/Ice/Air   0%         6-21      100%        5
 Starburst                Conj/Fire      0%         6d3       100%        6
 Haunt                    Necr/Summ      0%         N/A       100%        7
 Infestation              Necr           0%         N/A       100%        8


Dungeon Overview and Level Annotations

Branches:
Dungeon (5/15)             Temple (0/1) D:4

Altars:
Cheibriados
Kikubaaqudgha
Nemelex Xobeh
Trog
Wu Jian
Yredelemnul


Innate Abilities, Weirdness & Mutations

You are immune to sickness and miasma.
Your stone body is resilient. (AC +4)
You are immune to poison.
You resist negative energy. (rN+)
You are resistant to electric shocks. (rElec)
You are resistant to unholy torment.
You are immune to petrification.


Message History

You hear a shout!
You closely miss the howler monkey. The howler monkey barely misses you.
You block the gnoll's attack. x2; You block the howler monkey's attack.
The gnoll misses you. You block the gnoll's attack.
You barely miss the howler monkey. You hit the gnoll. You slash the gnoll!
You kill the gnoll!
Cheibriados thoroughly appreciates the change of pace.
The howler monkey hoots and howls with incredible vigour!
You block the gnoll's attack.
The gnoll hits you from afar with a +0 halberd.
The howler monkey hits you. You block the gnoll's attack.
The gnoll hits you but does no damage.
The shadow slips into darkness.
The shadow flickers and vanishes!
Deactivating autopickup; reactivate with Ctrl-A.
The gnoll hits you from afar with a +0 halberd.
You block the gnoll's attack. You block the howler monkey's attack.
You hear a shout! x3
You barely miss the gnoll.
The gnoll is lightly wounded.
You completely miss the gnoll. You slash the howler monkey!
You block the gnoll's attack. The gnoll closely misses you. x2
You block the howler monkey's attack.
The shadow strikes at you from the darkness!
Reactivating autopickup.
The gnoll hits you with a +0 flail!
* * * LOW HITPOINT WARNING * * *
You block the gnoll's attack.
A steam dragon comes into view.
The gnoll barely misses you. The howler monkey barely misses you.
The shadow hits you.
Unknown command.
The gnoll bouda attacks as you move away!
The gnoll bouda hits you with a +0 whip.
* * * LOW HITPOINT WARNING * * *
The howler monkey attacks as you move away!
You block the howler monkey's attack. The steam dragon breathes steam at you.
The ball of steam hits you!
You die...

..........$..
............##
.........D...#
>.......>....#
........§....##
........§.....#
...!...§......#
.......§......#
......g@......##
.......h.g.....#
.......ggW.....#
..........g....#
................
...............#
...............#
...............#
..............#


You could see a steam dragon (catching breath), a shadow, a gnoll bouda, a
howler monkey and 4 gnolls.

Vanquished Creatures
  Duvessa (D:4)
  Dowan (D:4)
  An orc priest (D:3)
  2 hounds
  Terence (D:2)
  2 iguanas (D:4)
  Robin (D:4)
  6 adders
  8 gnolls
  3 worms
  3 dart slugs
  12 orcs
  5 endoplasms
  8 giant cockroaches
  15 goblins
  13 hobgoblins
  5 jackals
  5 quokkas
  12 ball pythons
  10 bats
  A frilled lizard (D:1)
  4 kobolds
  5 rats
124 creatures vanquished.

Notes
Turn   | Place    | Note
-------+----------+-------------------------------------------
     0 | D:1      | mattiecakes the Gargoyle Fighter began the quest for the
                  | Orb.
     0 | D:1      | Reached XP level 1. HP: 14/14 MP: 1/1
   120 | D:1      | Reached XP level 2. HP: 19/19 MP: 2/2
   153 | D:1      | You fall into a shaft and drop 1 floor!
   207 | D:2      | Reached XP level 3. HP: 21/23 MP: 3/3
   811 | D:2      | Noticed Terence
   816 | D:2      | Reached XP level 4. HP: 22/29 MP: 4/4
   828 | D:2      | Killed Terence
  1120 | D:2      | Found a faded altar of an unknown god.
  1220 | D:2      | Found an ancient bone altar of Kikubaaqudgha.
  1305 | D:2      | Prayed at the altar of an unknown god.
  1305 | D:2      | Became a worshipper of Cheibriados the Contemplative
  1305 | D:2      | Reached * piety under Cheibriados
  1332 | D:3      | Identified 4 scrolls of acquirement
  1332 | D:3      | Acquired 1004 gold pieces
  1339 | D:2      | Acquired the +8 war axe "Newtbane" {heavy, rC++}
  1343 | D:2      | Acquired a +2 broad axe of flaming
  1346 | D:2      | Acquired the +5 kite shield of Zeasierghi {Regen+}
  1642 | D:3      | Found an ornate altar of the Wu Jian Council.
  1642 | D:3      | Found a bloodstained altar of Trog.
  1787 | D:3      | Reached XP level 5. HP: 33/33 MP: 5/5
  1979 | D:3      | Reached ** piety under Cheibriados
  2015 | D:3      | Reached skill level 1 in Invocations
  2026 | D:3      | Found a sparkling altar of Nemelex Xobeh.
  2081 | D:3      | Reached XP level 6. HP: 39/39 MP: 5/7
  2162 | D:3      | Found a basalt altar of Yredelemnul.
  2392 | D:4      | Reached *** piety under Cheibriados
  2414 | D:4      | Found a staircase to the Ecumenical Temple.
  2457 | D:4      | Noticed Duvessa
  2458 | D:4      | Noticed Dowan
  2464 | D:4      | Killed Dowan
  2466 | D:4      | Killed Duvessa
  2467 | D:4      | Reached XP level 7. HP: 36/44 MP: 8/8
  2665 | D:4      | Got the Tome of Luminous Command
  2682 | D:4      | Noticed Robin
  2694 | D:4      | Killed Robin
  2695 | D:4      | Reached skill level 5 in Shields
  2788 | D:4      | Reached skill level 5 in Armour
  2790 | D:4      | Reached skill level 5 in Fighting
  2844 | D:4      | Reached **** piety under Cheibriados
  3085 | D:5      | Entered Level 5 of the Dungeon
  3087 | D:5      | Noticed a shadow
  3090 | D:5      | Noticed a steam dragon
  3091 | D:5      | HP: 2/44 [gnoll bouda/+0 whip (6)]
  3091 | D:5      | Killed from afar by a steam dragon

Illustrated notes

Levels and vault maps discovered:
D:1:      wander_arrival_chamber, layout_basic, kennysheep_boxes
D:2:      layout_rooms, dilly_ecumenical_altar_fadedgnrine, basic_altar,
          uniq_terence
D:3:      layout_basic, mainiacjoe_overflow_swirl, jmf_multi_god_temple,
          minmay_puff
D:4:      layout_loops_corners, minmay_temple_entry_junction_2,
          minmay_joined_circles, uniq_robin, uniq_duvessa
D:5:      layout_layer_cave, uniq_crazy_yiuf_cottage

Skill      XL: |  1  2  3  4  5  6  7 |
---------------+----------------------+-----
Axes           | 2 3 |  3.6
Fighting       | 4 5 |  5.1
Armour         | 4 5 |  5.1
Shields        | 4 5 |  5.1
Invocations    | 1 2 |  2.8

Action                     |  1- 3 |  4- 6 |  7- 9 || total
---------------------------+-------+-------+-------++-------
  Melee: War axe           |    99 |    92 |    56 ||   247
    Use: Scroll            |       |     9 |       ||     9
         Potion            |       |     2 |       ||     2
 Armour: Scale mail        |    48 |    38 |    31 ||   117
  Dodge: Dodged            |    58 |    37 |    21 ||   116
  Block: Buckler           |    32 |     7 |       ||    39
         Kite shield       |       |    57 |    84 ||   141
